 Dungeon Crawl Stone Soup version 0.16-a0-1301-gf74d490 (webtiles) character file.

41 Ololoev the Slasher (level 3, 0/29 HPs)
             Began as a Ghoul Gladiator on Oct 15, 2014.
             Slain by Sigmund
             ... wielding a +1 scythe of protection
              (3 damage)
             ... on level 2 of the Dungeon.
             The game lasted 00:04:12 (1281 turns).

Ololoev the Slasher (Ghoul Gladiator)               Turns: 1281, Time: 00:04:13

Health: 0/29       AC:  4    Str: 18    XL:     3   Next: 52%
Magic:  3/3        EV: 11    Int:  3    God:
Gold:   43         SH:  0    Dex: 10    Spells: 0 memorised, 2 levels left

rFire  . . .     SeeInvis .     f - -1 short sword (curse)
rCold  + . .     Clarity  .     b - +0 leather armour
rNeg   + + +     SustAb   .     (no shield)
rPois  +         Saprov   + + + c - +0 helmet
rElec  .         Spirit   .     (no cloak)
rCorr  .         Warding  .     (no gloves)
rMut   .         Stasis   .     (no boots)
MR     .....                    (no amulet)
Stlth  +.........               (no ring)
                                (no ring)

@: rotting, not resistant to hostile enchantments, very unstealthy
A: rotting body, claws 1, carnivore 3, cold resistance 1, negative energy
resistance 3, poison resistance, saprovore 3, slow healing 1, torment
resistance, unbreathing
a: no special abilities


You were on level 2 of the Dungeon.
You were not hungry.

You visited 1 branch of the dungeon, and saw 2 of its levels.

You collected 43 gold pieces.

Inventory:

Hand weapons
 a - a +0 long sword
 f - a cursed -1 short sword (weapon)
Missiles
 d - 3 throwing nets (quivered)
Armour
 b - a +0 leather armour (worn)
 c - a +0 helmet (worn)
Jewellery
 h - a +5 ring of evasion {unknown}
Potions
 e - 2 potions of confusion {unknown}
 j - a potion of restore abilities {unknown}
Comestibles
 g - 2 chunks of jackal flesh
 l - a chunk of giant gecko flesh


   Skills:
 - Level 2.1 Fighting
 + Level 4.0 Long Blades
 - Level 1.7 Throwing
 - Level 2.6 Dodging


You had 2 spell levels left.
You didn't know any spells.

Dungeon Overview and Level Annotations

Branches:
Dungeon (2/15)

Altars:

Annotations:
D:2 Sigmund


Innate Abilities, Weirdness & Mutations

Your body is rotting away.
You have sharp fingernails.
You are carnivorous and can eat meat at any time.
Your flesh is cold resistant.
You are immune to negative energy.
Your system is resistant to poisons.
You thrive on rotten meat.
You heal slowly when monsters are visible.
You are immune to unholy pain and torment.
You can survive without breathing.


Message History

The hobgoblin is moderately wounded.
The hobgoblin misses you.
You hit the hobgoblin but do no damage.
The hobgoblin is moderately wounded.
The hobgoblin hits you.
You hit the hobgoblin.
You kill the hobgoblin!
Sigmund flickers, as though insubstantial.
Sigmund hits you from afar with a glowing scythe.
Sigmund casts a spell at you. The magic dart hits you! Sigmund misses you.
You see here a hobgoblin corpse.
Eat a chunk of jackal flesh? (ye/n/q/i?) This raw flesh tastes good!
Sigmund closely misses you.
You continue eating.
Sigmund hits you with a glowing scythe!
* * * LOW HITPOINT WARNING * * *
You continue eating.
Sigmund hits you with a glowing scythe.
You die...

#.##.##.# #...#...## ########
#.......# #...##### #......#
#......## ... #......#
#.##.#.######....
#[.....####(##.#............
##..........##...............
#.....####..................
#.....# #......#### ....###
#.....# #.....@######.......
####### #.....#@........#
#.....#.####....#
###.###.##.......# ...#
#.##.#....## #####
#.##.#....# #.[. ....... #...
.#.##### #.# . ..


You could see Sigmund.

Vanquished Creatures
  An adder (D:2)
  A giant gecko (D:2)
  A bat (D:1)
  A giant cockroach (D:1)
  5 goblins
  6 hobgoblins
  4 jackals (D:2)
  A quokka (D:2)
  6 kobolds (D:1)
  2 rats (D:1)
28 creatures vanquished.

Notes
Turn   | Place    | Note
--------------------------------------------------------------
     0 | D:1      | Ololoev, the Ghoul Gladiator, began the quest for the Orb.
     0 | D:1      | Reached XP level 1. HP: 17/17 MP: 1/1
   155 | D:1      | Reached skill level 3 in Long Blades
   291 | D:1      | Reached XP level 2. HP: 24/24 MP: 2/2
   896 | D:2      | Noticed Sigmund
   966 | D:2      | Reached XP level 3. HP: 18/29 MP: 3/3
  1229 | D:2      | Reached skill level 4 in Long Blades
  1281 | D:2      | Slain by Sigmund

Action                   || total
-------------------------++-------
Melee: Long sword        ||    49
       Short sword       ||    81
  Use: Scroll            ||     1
  Eat: Chunk             ||    14
